 Dungeon Crawl Stone Soup version 0.30-a0-696-g2367cd04db (webtiles) character file.

Game seed: 49747492240372954

65 Spectrina the Sneak (level 3, -7/22 HPs)
             Began as a Deep Elf Monk on Jan 1, 2023.
             Was a Priest of Jiyva.
             Killed from afar by a steam dragon (17 damage)
             ... with a ball of steam
             ... on level 3 of the Dungeon on Jan 21, 2023.
             The game lasted 00:11:12 (820 turns).

Spectrina the Sneak (Deep Elf Monk)                  Turns: 820, Time: 00:11:13

Health: -7/22      AC:  6    Str:  6    XL:     3   Next: 92%
Magic:  5/5        EV: 11    Int: 14    God:    Jiyva [***...]
Gold:   63         SH:  0    Dex: 19    Spells: 2/2 levels left

rFire   . . .      SeeInvis .    a - +0 short sword
rCold   . . .      Faith    .    (no shield)
rNeg    . . .      Spirit   .    b - +0 robe
rPois   .          Reflect  .    (helmet restricted)
rElec   .          Harm     .    (no cloak)
rCorr   +          Rampage  .    (no gloves)
Will    .....                    (no boots)
Stlth   +++                      (no amulet)
HPRegen 1.35/turn                l - +4 ring of protection
MPRegen 0.44/turn                (no ring)

@: mighty, constricted
A: antennae 2, weak 1
a: Renounce Religion, Oozemancy


You were on level 3 of the Dungeon.
You worshipped Jiyva.
Jiyva was most pleased with you.
You visited 1 branch of the dungeon, and saw 3 of its levels.

You collected 63 gold pieces.

Inventory:

Hand Weapons
 a - a +0 short sword (weapon)
 h - a +0 dagger
 o - a +0 sling
Missiles
 q - 6 javelins (quivered)
Armour
 b - a +0 robe (worn)
 j - a +1 hat
 n - a +0 helmet
Magical Staves
 r - a staff of cold
Jewellery
 l - a +4 ring of protection (left hand)
Wands
 d - a wand of acid (1)
Scrolls
 f - a scroll of enchant weapon {unknown}
 k - 2 scrolls of magic mapping
 m - 2 scrolls of enchant armour {unknown}
 p - a scroll of identify {unknown}
Potions
 c - a potion of ambrosia
 g - a potion of curing


   Skills:
 - Level 2.4 Fighting
 - Level 3.0 Short Blades
 - Level 3.6 Dodging
 + Level 5.6 Stealth


You had 2 spell levels left.
You didn't know any spells.
Your spell library was empty.

Dungeon Overview and Level Annotations

Branches:
Dungeon (3/15)

Altars:
Jiyva


Innate Abilities, Weirdness & Mutations

You have a pair of antennae on your head.
You are weak. (Str -2)


Message History

Unknown command.
The steam dragon hisses angrily.
A ball python comes into view.
The steam dragon breathes steam at you. The ball of steam hits you!
An adder comes into view.
You hit the steam dragon but do no damage.
The steam dragon breathes steam at you. The ball of steam hits you!
Ouch! That really hurt!
* * * LOW HITPOINT WARNING * * *
Unknown command.
It was a potion of mutation.
You feel extremely strange.
Your teeth shrink to normal size.
The antennae on your head shrink a bit.
You feel weaker. The steam dragon closely misses you.
The steam dragon misses you.
Okay, then.
It was a potion of curing.
You feel better. The steam dragon closely misses you.
The steam dragon barely misses you.
You hit the steam dragon but do no damage.
The steam dragon breathes steam at you. The ball of steam hits you!
Ouch! That really hurt!
* * * LOW HITPOINT WARNING * * *
Unknown command.
The steam dragon misses you.
The steam dragon claws you but does no damage.
The adder attacks as you move away! The adder barely misses you.
It was a potion of might.
You feel very mighty all of a sudden. The adder barely misses you.
The steam dragon misses you.
The steam dragon claws you but does no damage.
The adder bites you but does no damage.
Unknown command.
You closely miss the steam dragon. The ball python misses you.
The ball python grabs you. The ball python constricts you.
The steam dragon breathes steam at you. The ball of steam hits you!
Ouch! That really hurt!
You die...

## #............ .# .#
#........... ..#.
.#####.........### ...?.
.................####.....
..................ยง.......
.................#........
.###.....#########....#...
.........#.......D....#
....#...........@S....#
....#............S..$....
....#.....................
..###...................##
........#######.$.........
..####### ###......... ..<#
#........ ....# .......
....#


You could see a steam dragon (catching breath), an adder and a ball python.

Vanquished Creatures
  Jessica (D:2)
  Robin (D:2)
  A dart slug (D:1)
  An endoplasm (D:2)
  8 goblins
  4 hobgoblins (D:2)
  A kobold (D:2)
  2 quokkas
  3 ball pythons
  2 bats
24 creatures vanquished.

Vanquished Creatures (others)
  Sigmund (D:2)
  A goblin (D:1)
  A hobgoblin (D:1)
  A bat (D:2)
4 creatures vanquished.

Grand Total: 28 creatures vanquished

Notes
Turn   | Place    | Note
-------+----------+-------------------------------------------
     0 | D:1      | Spectrina the Deep Elf Monk began the quest for the Orb.
     0 | D:1      | Reached XP level 1. HP: 13/13 MP: 3/3
   294 | D:1      | Found a faded altar of an unknown god.
   310 | D:1      | Reached skill level 3 in Stealth
   318 | D:1      | Prayed at the altar of an unknown god.
   318 | D:1      | Became a worshipper of Jiyva Jusseb the Shapeless
   318 | D:1      | Reached * piety under Jiyva
   318 | D:1      | Reached ** piety under Jiyva
   319 | D:1      | Upgraded the game from 0.30-a0-585-g93115170b9 to
                  | 0.30-a0-639-g3916f1956a
   383 | D:1      | Reached *** piety under Jiyva
   440 | D:1      | Reached XP level 2. HP: 18/18 MP: 4/4
   440 | D:1      | Upgraded the game from 0.30-a0-639-g3916f1956a to
                  | 0.30-a0-652-gcc886f7154
   479 | D:2      | Noticed Robin
   511 | D:2      | Reached skill level 4 in Stealth
   574 | D:2      | Killed Robin
   575 | D:2      | Upgraded the game from 0.30-a0-652-gcc886f7154 to
                  | 0.30-a0-696-g2367cd04db
   575 | D:2      | Reached XP level 3. HP: 22/22 MP: 5/5
   647 | D:2      | Noticed Jessica
   661 | D:2      | Killed Jessica
   662 | D:2      | Reached skill level 5 in Stealth
   729 | D:2      | Killed Sigmund
   779 | D:3      | Gained mutation: You have a pair of small antennae on your
                  | head. [Jiyva's grace]
   779 | D:3      | Gained mutation: You have a pair of antennae on your head.
                  | [Jiyva's grace]
   779 | D:3      | Gained mutation: You have a pair of large antennae on your
                  | head. (SInv) [Jiyva's grace]
   779 | D:3      | Gained mutation: You have very sharp teeth. [Jiyva's grace]
   795 | D:3      | Noticed a steam dragon
   814 | D:3      | Lost mutation: You have very sharp teeth. [potion of
                  | mutation]
   814 | D:3      | Lost mutation: You have a pair of large antennae on your
                  | head. (SInv) [potion of mutation]
   814 | D:3      | Gained mutation: You are weak. (Str -2) [potion of
                  | mutation]
   820 | D:3      | Killed from afar by a steam dragon

Illustrated notes

Levels and vault maps discovered:
D:1:      minmay_arrival_split_and_join, layout_basic,
          hellmonk_ecumenical_altar_pennies_from_heaven,
          nicolae_figureground_pulse
D:2:      layout_loops_cross, basic_altar, columned_hall_lemuel,
          kennysheep_generic_room_8, uniq_jessica, uniq_robin, uniq_sigmund
D:3:      layout_basic, kennysheep_slug_shrine, gammafunk_ghost_smash

Skill      XL: |  1  2  3 |
---------------+----------+-----
Stealth        | 3 4 5 |  5.6
Fighting       | |  2.4
Short Blades   | |  3.0
Dodging        | |  3.6

Action                   || total
-------------------------++-------
Melee: Dagger            ||    98
       Short sword       ||    32
       Punch             ||     1
  Use: Scroll            ||     1
       Potion            ||     3
 Stab: Sleeping          ||     4
       Distracted        ||     1
Armor: Robe              ||    27
Dodge: Dodged            ||    65

Table legend: (Time is in decaauts)
 A = Elapsed time spent in this place.
 B = Non-inter-level travel time spent in this place.
 C = Inter-level travel time spent in this place.
 D = Time resting spent in this place.
 E = Time spent auto-exploring this place.
 F = Levels seen in this place.
 G = Mean time per level.
                   A        B        C        D        E       F      G
               +--------+--------+--------+--------+--------+-----+--------+
         Total |    805 |    718 |     87 |      0 |      0 |   3 |  268.3 |
       Dungeon |    805 |    718 |     87 |      0 |      0 |   3 |  268.3 |
               +--------+--------+--------+--------+--------+-----+--------+

Top non-repeatable levels by time:
     D:2: 514 daAuts
     D:1: 245 daAuts
     D:3: 45 daAuts
